 Dungeon Crawl Stone Soup version 0.26.1-2-gb8aa6d0cf2 (webtiles) character file.

Game seed: 11019328569770866836

139969 McIrco the Slayer (level 16, 0/167 HPs)
             Began as a Minotaur Fighter on Mar 30, 2021.
             Was an Initiate of Gozag.
             Slain by a demonic crawler (3 damage)
             ... summoned by a deep elf mage
             ... on level 2 of the Elven Halls.
             The game lasted 01:05:29 (28229 turns).

McIrco the Slayer (Minotaur Fighter)               Turns: 28229, Time: 01:05:29

Health: 0/167      AC: 38    Str: 27    XL:     16   Next: 74%
Magic:  15/15      EV: 12    Int: 11    God:    Gozag
Gold:   6528       SH: 20    Dex: 15    Spells: 15/15 levels left

rFire    + . .     SeeInvis .   O - +9 war axe "Dith" {holy, rN+}
rCold    + + +     Faith    .   c - +0 kite shield
rNeg     + + .     Spirit   .   D - +10 plate armour {ponderous}
rPois    +         Reflect  +   (helmet restricted)
rElec    +         Harm     .   g - +2 cloak of Inviolability {Int+6}
rCorr    +         Rampage  .   o - +2 pair of gloves
Will     +....                  t - +2 pair of boots {Fly}
Stlth    ..........             H - amulet of reflection
HPRegen  0.37/turn              A - ring "Fucw" {*Slow +Fly rC++ Str+4}
MPRegen  0.14/turn              j - ring of positive energy

@: mighty, resistant, gold aura, flying, hasted, studying Stealth, invisible,
very quick
A: retaliatory headbutt, horns 2
a: Stop Flying, Renounce Religion, Potion Petition, Call Merchant, Bribe Branch


You were on level 2 of the Elven Halls.
You worshipped Gozag.
Gozag was greatly pleased with you.
You visited 6 branches of the dungeon, and saw 27 of its levels.
You also visited: Gauntlet.

You collected 9378 gold pieces.
You spent 1509 gold pieces at shops.
You paid 1341 gold pieces to Gozag.

Inventory:

Hand Weapons
 O - the +9 war axe "Dith" (weapon) {holy, rN+}
   (You took it off a kobold on level 11 of the Dungeon)

   It has been blessed by the Shining One to cause great damage to the undead
   and demons.
   It protects you from negative energy.
Armour
 c - a +0 kite shield (worn)
 g - the +2 cloak of Inviolability (worn) {Int+6}
   (You found it in a Gauntlet)

   It affects your intelligence (+6).
 o - a +2 pair of gloves (worn)
 t - a +2 pair of boots of flying (worn)
 D - a +10 plate armour of ponderousness (worn)
Jewellery
 j - a ring of positive energy (right hand)
 m - an uncursed ring of willpower
 s - a +4 ring of protection
 A - the ring "Fucw" (left hand) {*Slow +Fly rC++ Str+4}
   (You found it on level 7 of the Dungeon)

   [ring of flight]

   It affects your strength (+4).
   It greatly protects you from cold.
   It lets you fly.
   It may slow you when you take damage.
 C - an uncursed ring of flight {unknown}
 E - an uncursed ring of resist corrosion
 G - an uncursed ring of see invisible
 H - an amulet of reflection (around neck)
 L - an uncursed amulet of magic regeneration
 U - an uncursed amulet of faith {unknown}
Wands
 x - a wand of polymorph (17)
 B - a wand of enslavement (8)
 F - a wand of paralysis (15)
 K - a wand of acid (11)
 M - a wand of flame (24)
 P - a wand of iceblast (33)
Scrolls
 d - 2 scrolls of acquirement
 f - a scroll of brand weapon {unknown}
 h - 17 scrolls of remove curse
 l - 6 scrolls of blinking
 n - 3 scrolls of identify
 q - 4 scrolls of teleportation
 r - a scroll of fog
 w - a scroll of immolation
 I - a scroll of torment
 Q - 3 scrolls of magic mapping
 T - 7 scrolls of enchant weapon
 W - 2 scrolls of silence
 Y - a scroll of vulnerability
 Z - 2 scrolls of fear
Potions
 b - 2 potions of attraction
 e - 7 potions of curing
 p - 5 potions of lignification
 u - 6 potions of haste
 z - 3 potions of flight
 J - a potion of ambrosia
 N - a potion of invisibility
 R - 3 potions of mutation
 S - a potion of magic
 V - 3 potions of resistance
 X - 2 potions of cancellation {unknown}
Books
 v - a manual of Stealth
Miscellaneous
 a - a phial of floods
 k - a box of beasts
 y - a lightning rod (inert)


   Skills:
 + Level 21.0 Fighting
 - Level 16.0 Axes
 + Level 16.4 Armour
 + Level 7.0 Dodging
 - Level 15.0 Shields


You had 15 spell levels left.
You didn't know any spells.
Your spell library contained the following spells:

 Spells                   Type           Power        Failure   Level
 Animate Skeleton         Necr           0%           91%         1
 Beastly Appendage        Tmut           0%           91%         1
 Corona                   Hex            0%           91%         1
 Pain                     Necr           0%           91%         1
 Sandblast                Erth           0%           91%         1
 Summon Small Mammal      Summ           0%           91%         1
 Call Imp                 Summ           0%           97%         2
 Ensorcelled Hibernation  Hex/Ice        0%           97%         2
 Passwall                 Tmut/Erth      0%           97%         2
 Searing Ray              Conj           0%           97%         2
 Wereblood                Tmut           0%           97%         2
 Call Canine Familiar     Summ           0%           99%         3
 Confusing Touch          Hex            0%           99%         3
 Dazzling Flash           Conj/Hex       0%           99%         3
 Gell's Gravitas          Tloc           0%           99%         3
 Mephitic Cloud           Conj/Pois/Air  0%           99%         3
 Spider Form              Tmut/Pois      0%           99%         3
 Stone Arrow              Conj/Erth      0%           99%         3
 Summon Guardian Golem    Hex/Summ       0%           99%         3
 Tukima's Dance           Hex            0%           99%         3
 Vampiric Draining        Necr           0%           99%         3
 Animate Dead             Necr           0%           100%        4
 Ice Form                 Ice/Tmut       0%           100%        4
 Petrify                  Tmut/Erth      0%           100%        4
 Summon Ice Beast         Ice/Summ       0%           100%        4
 Summon Lightning Spire   Summ/Air       0%           100%        4
 Agony                    Necr           0%           100%        5
 Blade Hands              Tmut           0%           100%        5
 Lee's Rapid Deconstruct  Erth           0%           100%        5
 Lightning Bolt           Conj/Air       0%           100%        5
 Metabolic Englaciation   Hex/Ice        0%           100%        5
 Yara's Violent Unravell  Hex/Tmut       0%           100%        5
 Freezing Cloud           Conj/Ice/Air   0%           100%        6
 Iron Shot                Conj/Erth      0%           100%        6
 Ozocubu's Refrigeration  Ice            0%           100%        6
 Simulacrum               Ice/Necr       0%           100%        6


Dungeon Overview and Level Annotations

Branches:
Dungeon (15/15)            Temple (1/1) D:6            Lair (6/6) D:9
 Shoals (0/4) Lair:2       Spider (1/4) Lair:3        Slime (0/5) Lair:5
    Orc (2/2) D:12            Elf (2/3) Orc:2        Vaults (0/5) D:13
 Depths (0/5) D:15        Gauntlet (visited)

Altars:
Ashenzari
Cheibriados
Dithmenos
Elyvilon
Fedhas
Gozag
Hepliaklqana
Kikubaaqudgha
Makhleb
Nemelex Xobeh
Okawaru
Qazlal
Ru
Sif Muna
Trog
Uskayaw
Vehumet
Wu Jian
Xom
Yredelemnul
Zin
The Shining One
Beogh
Jiyva

Shops:
D:4 }   D:12 [   D:15 ![(=   Orc:2 ::[(   Elf:1 [(*[   Elf:2 (

Annotations:
Lair:5 1 runed translucent door
Spider:1 1 transporter


Innate Abilities, Weirdness & Mutations

You reflexively headbutt those who attack you in melee.
You have a pair of horns on your head.


Message History

* * * LOW HITPOINT WARNING * * *
Space warps horribly around you!
* * * LOW HITPOINT WARNING * * *
Unknown command.
Okay, then.
Okay, then.
Unknown command. [a] - 460 gold - haste and resistance [b] - 324 gold - brilliance and magic [c] - 560 gold - resistance, invisibility and haste Purchase which effect?
You feel protected.
You fade into invisibility!
You feel as though your hastened speed will last longer.
The jumping spider closely misses you. You block the jumping spider's attack.
You block the demonic crawler's attack.
The demonic crawler hits you but does no damage.
You block the demonic crawler's attack. x2
The demonic crawler barely misses you. The demonic crawler hits you.
You die...
Your body crumbles into a pile of gold.

......(..##
......(..
.......
#$..$# #...##
##...## ..
##.....#
....#.)s$°##
....e..((@§$#
........s.s##
...##...#§##
#. ##.#### #
##


You could see 2 demonic crawlers, a deep elf mage, a jumping spider (summoned)
and 2 dancing weapons.

Vanquished Creatures
  Kirke (Lair:4)
  An orc warlord (Orc:2)
  A stone giant (Orc:2)
  A very ugly thing (D:13)
  A spark wasp (Spider:1)
  A deep elf annihilator (Elf:1)
  An entropy weaver (Gauntlet)
  A minotaur (Gauntlet)
  An ettin (Orc:2)
  A fire dragon (D:13)
  A yaktaur captain (D:15)
  3 hydras
  2 boulder beetles
  3 death knights
  7 centaur warriors
  6 two-headed ogres
  2 ogre magi
  5 catoblepae
  15 death yaks (Lair:6)
  6 tengu warriors
  2 orc high priests (Orc:2)
  A hell hog (Gauntlet)
  8 deep elf knights
  Urug (Lair:5)
  2 skeletal warriors
  A sixfirhy (Gauntlet)
  3 deep elf archers
  An unseen horror (D:9)
  3 orc knights
  3 wolf spiders
  30 deep elf magi
  6 cyclopes
  An orb spider (Spider:1)
  16 ugly things
  4 orc sorcerers
  4 manticores
  A merfolk siren (Lair:2)
  4 black mambas
  A centaur zombie (D:11)
  A torpor snail (Lair:6)
  A gargoyle (D:13)
  A rime drake (Lair:5)
  17 cane toads
  A demonic crawler (Spider:1)
  13 komodo dragons
  A yaktaur (D:15)
  A freezing wraith (D:13)
  2 efreet (D:13)
  5 polar bears
  3 tengu conjurers
  5 trolls
  A hornet (shapeshifter) (D:15)
  4 jumping spiders
  22 blink frogs
  6 hornets
  4 dream sheep (Lair:6)
  6 slime creatures (D:15)
  2 shadows
  3 tarantellas (Spider:1)
  A water elemental (Elf:1)
  11 redbacks (Spider:1)
  52 yaks
  2 fire bats (Gauntlet)
  3 wraiths
  4 basilisks
  4 wyverns
  6 fire elementals
  A golden eye (shapeshifter) (Gauntlet)
  5 hogs (Lair:4)
  A steam dragon (D:10)
  5 vampire mosquitoes
  7 wargs
  An acid dragon (D:13)
  20 water moccasins
  A soldier ant (D:13)
  A hell hound (Gauntlet)
  2 eyes of draining
  4 sky beasts
  6 ice beasts
  28 orc warriors
  2 phantoms
  2 black bears
  2 necrophages
  4 boggarts (Lair:4)
  11 ogres
  20 centaurs
  4 big kobolds
  18 bullfrogs
  2 earth elementals (Elf:2)
  A wyvern skeleton (D:13)
  4 scorpions
  11 killer bees
  15 wights
  6 howler monkeys
  2 electric eels
  2 bullfrog zombies
  A quasit (D:12)
  3 jellies
  4 bullfrog skeletons
  A gnoll shaman (D:4)
  8 hounds
  Crazy Yiuf (D:7)
  19 orc priests
  9 centaur skeletons
  23 orc wizards
  Ijyb (D:5)
  10 worker ants
  3 iguanas
  A hound skeleton (D:4)
  Robin (D:3)
  A worker ant zombie (D:11)
  12 adders
  15 gnolls
  2 shadow imps (D:7)
  2 white imps
  5 ufetubi
  An ooze (D:1)
  2 adder zombies
  An adder skeleton (D:6)
  6 worms
  A dart slug (D:1)
  5 leopard geckos
  86 orcs
  2 ball pythons
  6 giant cockroaches
  12 goblins
  4 hobgoblins (D:3)
  2 jackals (D:3)
  21 kobolds
  8 quokkas
  8 bats
  3 frilled lizards
  A leopard gecko zombie (D:6)
  A quokka zombie (D:5)
  10 rats
824 creatures vanquished.

Vanquished Creatures (others)
  11 dancing weapons
  4 bushes (Lair:6)
  25 fungi
  57 plants
97 creatures vanquished.

Grand Total: 921 creatures vanquished

Notes
Turn   | Place    | Note
-------+----------+-------------------------------------------
     0 | D:1      | McIrco the Minotaur Fighter began the quest for the Orb.
     0 | D:1      | Reached XP level 1. HP: 19/19 MP: 0/0
    20 | D:1      | Reached skill level 4 in Fighting
    25 | D:1      | Reached XP level 2. HP: 19/27 MP: 1/1
   411 | D:1      | Reached XP level 3. HP: 33/33 MP: 2/2
  1077 | D:2      | Found a snail-covered altar of Cheibriados.
  1281 | D:2      | Reached XP level 4. HP: 40/41 MP: 3/3
  1673 | D:3      | Reached XP level 5. HP: 31/47 MP: 4/4
  1787 | D:3      | Noticed Robin
  1796 | D:3      | Killed Robin
  1936 | D:3      | Found a stormy altar of Qazlal.
  2592 | D:4      | Reached skill level 5 in Axes
  2592 | D:4      | Reached skill level 5 in Shields
  2594 | D:4      | Reached XP level 6. HP: 51/55 MP: 5/5
  2656 | D:4      | Reached skill level 5 in Fighting
  2812 | D:4      | Reached skill level 5 in Armour
  3091 | D:4      | Found Kosch's Gadget Shoppe.
  3123 | D:4      | Noticed a moth of wrath
  3126 | D:4      | Found a bloodstained altar of Trog.
  3250 | D:4      | Reached skill level 1 in Dodging
  3358 | D:4      | Reached XP level 7. HP: 60/61 MP: 6/6
  3381 | D:4      | Found a radiant altar of Vehumet.
  3744 | D:5      | Entered Level 5 of the Dungeon
  3927 | D:5      | Found a sparkling altar of Nemelex Xobeh.
  4430 | D:5      | Noticed Ijyb
  4435 | D:5      | Killed Ijyb
  4465 | D:5      | Reached XP level 8. HP: 59/70 MP: 7/7
  4609 | D:5      | Found an ancient bone altar of Kikubaaqudgha.
  4975 | D:6      | Found a staircase to the Ecumenical Temple.
  4982 | Temple   | Entered the Ecumenical Temple
  5277 | Temple   | Became a worshipper of Gozag Ym Sagoz the Greedy
  5523 | D:6      | Reached skill level 6 in Fighting
  5707 | D:6      | Found an iron altar of Okawaru.
  5905 | D:7      | You fall into a shaft and drop 2 floors!
  6084 | D:7      | Got a pitted jade ring
  6416 | D:7      | Reached XP level 9. HP: 78/78 MP: 8/8
  6546 | D:7      | Noticed a two-headed ogre
  6567 | D:7      | Killed a two-headed ogre
  6568 | D:7      | Reached skill level 7 in Fighting
  6568 | D:7      | Reached skill level 10 in Axes
  7013 | D:7      | Found a runed translucent door.
  7014 | D:7      | Noticed Crazy Yiuf
  7019 | D:7      | Killed Crazy Yiuf
  7125 | D:8      | Noticed Psyche
  7125 | D:8      | Paralysed by Psyche for 3 turns
  7128 | D:8      | Noticed Psyche
  7128 | D:8      | Psyche changed into Psyche the hornet
  7144 | D:8      | Killed Psyche the hornet
  7195 | D:8      | Noticed a two-headed ogre
  7207 | D:8      | Killed a two-headed ogre
  7208 | D:8      | Reached XP level 10. HP: 88/88 MP: 9/9
  7218 | D:8      | Reached skill level 8 in Fighting
  7299 | D:8      | Identified the ring "Fucw" {*Slow +Fly rC++ Str+4} (You
                  | found it on level 7 of the Dungeon)
  7351 | D:8      | Found a stormy altar of Qazlal.
  7743 | D:8      | Noticed a cyclops
  7755 | D:8      | Killed a cyclops
  8025 | D:9      | Killed an unseen horror
  8370 | D:9      | Found a staircase to the Lair.
  8572 | D:9      | Found a basalt altar of Yredelemnul.
  8666 | D:9      | Reached skill level 9 in Fighting
  8852 | D:9      | Found a white marble altar of Elyvilon.
  8959 | D:10     | Entered Level 10 of the Dungeon
  8962 | D:10     | Noticed a green ugly thing
  8990 | D:9      | Killed a green ugly thing
  9262 | D:10     | Reached XP level 11. HP: 79/97 MP: 10/10
  9598 | D:10     | Reached skill level 10 in Shields
  9660 | D:10     | Found a glowing golden altar of the Shining One.
 10111 | D:6      | Got a dazzling ring mail
 10122 | D:6      | Identified the +1 ring mail "Amputups" {rC- Regen+ Int+2
                  | Slay+4} (You found it on level 6 of the Dungeon)
 10285 | D:11     | Found a gate leading to a gauntlet.
 10293 | Gauntlet | Entered a Gauntlet
 10293 | Gauntlet | Found a transporter.
 10295 | Gauntlet | Noticed a sixfirhy
 10302 | Gauntlet | Found a transporter.
 10305 | Gauntlet | Found a transporter.
 10306 | Gauntlet | Found a transporter.
 10314 | Gauntlet | Found a transporter.
 10317 | Gauntlet | Found a transporter.
 10318 | Gauntlet | Found a transporter.
 10321 | Gauntlet | Noticed a hell hog
 10327 | Gauntlet | Found a transporter.
 10330 | Gauntlet | Found a transporter.
 10331 | Gauntlet | Found a transporter.
 10332 | Gauntlet | Noticed a minotaur
 10339 | Gauntlet | Found a transporter.
 10340 | Gauntlet | Noticed a sea snake
 10341 | Gauntlet | Noticed a swamp dragon
 10341 | Gauntlet | a tarantella changed into a swamp dragon
 10342 | Gauntlet | Found a transporter.
 10343 | Gauntlet | Found a transporter.
 10345 | Gauntlet | Noticed a wolf spider
 10350 | Gauntlet | Found a runed translucent door.
 10352 | Gauntlet | a swamp dragon changed into a guardian serpent
 10353 | Gauntlet | Found a transporter.
 10353 | Gauntlet | Noticed an entropy weaver
 10375 | Gauntlet | Noticed a fire crab
 10375 | Gauntlet | Noticed a shock serpent
 10376 | Gauntlet | Noticed a deep troll
 10376 | Gauntlet | a shock serpent changed into a deep troll
 10380 | Gauntlet | a deep troll changed into an eye of devastation
 10385 | Gauntlet | Noticed an anaconda
 10385 | Gauntlet | an eye of devastation changed into an anaconda
 10387 | Gauntlet | an anaconda changed into a tyrant leech
 10388 | Gauntlet | Noticed a shining eye
 10389 | Gauntlet | a fire crab changed into a redback
 10394 | Gauntlet | Noticed an alligator
 10394 | Gauntlet | a tyrant leech changed into an alligator
 10395 | Gauntlet | Noticed a queen ant
 10395 | Gauntlet | an alligator changed into a queen ant
 10463 | Gauntlet | Noticed an entropy weaver
 10464 | Gauntlet | Noticed a great orb of eyes
 10464 | Gauntlet | Noticed a queen ant
 10464 | Gauntlet | an entropy weaver changed into a queen ant
 10465 | Gauntlet | Noticed a boulder beetle
 10465 | Gauntlet | a queen ant changed into a boulder beetle
 10467 | Gauntlet | a boulder beetle changed into a tyrant leech
 10471 | Gauntlet | Noticed an ice dragon
 10471 | Gauntlet | a tyrant leech changed into an ice dragon
 10472 | Gauntlet | Noticed a goliath frog
 10472 | Gauntlet | an ice dragon changed into a goliath frog
 10474 | Gauntlet | Noticed a spark wasp
 10474 | Gauntlet | a goliath frog changed into a spark wasp
 10481 | Gauntlet | Noticed a wolf spider
 10481 | Gauntlet | a spark wasp changed into a wolf spider
 10483 | Gauntlet | Noticed a fire dragon
 10483 | Gauntlet | a wolf spider changed into a fire dragon
 10487 | Gauntlet | Noticed a great orb of eyes
 10492 | Gauntlet | Noticed a two-headed ogre
 10492 | Gauntlet | a great orb of eyes changed into a two-headed ogre
 10495 | Gauntlet | a two-headed ogre changed into an eye of devastation
 10634 | Gauntlet | Noticed an emperor scorpion
 10652 | Gauntlet | Noticed a two-headed ogre
 10652 | Gauntlet | a cane toad changed into a two-headed ogre
 10653 | Gauntlet | a two-headed ogre changed into an elephant
 10654 | Gauntlet | Noticed a sea snake
 10654 | Gauntlet | an elephant changed into a sea snake
 10657 | Gauntlet | a sea snake changed into a swamp worm
 10662 | Gauntlet | Noticed a glowing shapeshifter
 10662 | Gauntlet | a floating eye changed into a glowing shapeshifter
 10663 | Gauntlet | a glowing shapeshifter changed into a floating eye
 10664 | Gauntlet | Noticed a sea snake
 10664 | Gauntlet | a floating eye changed into a sea snake
 10716 | Gauntlet | Killed a sixfirhy
 10750 | Gauntlet | Paralysed by a hornet for 3 turns
 10900 | Gauntlet | Killed a hell hog
 10924 | Gauntlet | Noticed a boulder beetle
 10925 | Gauntlet | Noticed a goliath frog
 10925 | Gauntlet | a boulder beetle changed into a goliath frog
 10934 | Gauntlet | Noticed a queen ant
 10937 | Gauntlet | Noticed a storm dragon
 10937 | Gauntlet | a queen ant changed into a storm dragon
 10937 | Gauntlet | Noticed an eight-headed hydra
 10937 | Gauntlet | a storm dragon changed into an eight-headed hydra
 10939 | Gauntlet | Noticed a death yak
 10939 | Gauntlet | an eight-headed hydra changed into a death yak
 10940 | Gauntlet | Noticed a dire elephant
 10940 | Gauntlet | a death yak changed into a dire elephant
 10946 | Gauntlet | Noticed a death drake
 10946 | Gauntlet | a dream sheep changed into a death drake
 10952 | Gauntlet | Noticed a stone giant
 10953 | Gauntlet | a death drake changed into a shapeshifter
 10955 | Gauntlet | Noticed a dire elephant
 10955 | Gauntlet | a stone giant changed into a dire elephant
 10962 | Gauntlet | Noticed a sphinx
 10962 | Gauntlet | a dire elephant changed into a sphinx
 10972 | Gauntlet | Noticed a quicksilver dragon
 10972 | Gauntlet | a sphinx changed into a quicksilver dragon
 10973 | Gauntlet | Noticed an ettin
 10973 | Gauntlet | a goliath frog changed into an ettin
 10983 | Gauntlet | Noticed a shadow dragon
 10983 | Gauntlet | a quicksilver dragon changed into a shadow dragon
 10986 | Gauntlet | Noticed a fire giant
 10986 | Gauntlet | a shadow dragon changed into a fire giant
 10991 | Gauntlet | Noticed a dire elephant
 10991 | Gauntlet | a fire giant changed into a dire elephant
 10994 | Gauntlet | Noticed an iron troll
 10994 | Gauntlet | a dire elephant changed into an iron troll
 10997 | Gauntlet | Noticed an eleionoma
 10997 | Gauntlet | an iron troll changed into an eleionoma
 11000 | Gauntlet | Noticed a shadow dragon
 11000 | Gauntlet | an eleionoma changed into a shadow dragon
 11005 | Gauntlet | Noticed a caustic shrike
 11005 | Gauntlet | a shadow dragon changed into a caustic shrike
 11007 | Gauntlet | Noticed an iron giant
 11007 | Gauntlet | a caustic shrike changed into an iron giant
 11010 | Gauntlet | Noticed a golden dragon
 11010 | Gauntlet | an iron giant changed into a golden dragon
 11011 | Gauntlet | Noticed a caustic shrike
 11011 | Gauntlet | a golden dragon changed into a caustic shrike
 11013 | Gauntlet | Noticed a sphinx
 11013 | Gauntlet | a caustic shrike changed into a sphinx
 11018 | Gauntlet | Noticed a stone giant
 11018 | Gauntlet | a sphinx changed into a stone giant
 11021 | Gauntlet | Noticed a shadow dragon
 11021 | Gauntlet | a stone giant changed into a shadow dragon
 11022 | Gauntlet | Noticed an eleionoma
 11022 | Gauntlet | a shadow dragon changed into an eleionoma
 11026 | Gauntlet | Noticed an alligator snapping turtle
 11026 | Gauntlet | an eleionoma changed into an alligator snapping turtle
 11035 | Gauntlet | Noticed an eleionoma
 11035 | Gauntlet | an alligator snapping turtle changed into an eleionoma
 11037 | Gauntlet | Noticed a catoblepas
 11037 | Gauntlet | an eleionoma changed into a catoblepas
 11038 | Gauntlet | Noticed a shadow dragon
 11038 | Gauntlet | a catoblepas changed into a shadow dragon
 11042 | Gauntlet | Noticed an iron troll
 11042 | Gauntlet | a shadow dragon changed into an iron troll
 11043 | Gauntlet | Noticed an azure jelly
 11043 | Gauntlet | an iron troll changed into an azure jelly
 11049 | Gauntlet | Noticed an iron troll
 11049 | Gauntlet | an azure jelly changed into an iron troll
 11050 | Gauntlet | Noticed a sphinx
 11050 | Gauntlet | an iron troll changed into a sphinx
 11052 | Gauntlet | Noticed a frost giant
 11052 | Gauntlet | a sphinx changed into a frost giant
 11054 | Gauntlet | Noticed an azure jelly
 11054 | Gauntlet | a frost giant changed into an azure jelly
 11055 | Gauntlet | Noticed a frost giant
 11055 | Gauntlet | an azure jelly changed into a frost giant
 11060 | Gauntlet | Noticed an emperor scorpion
 11060 | Gauntlet | a frost giant changed into an emperor scorpion
 11062 | Gauntlet | Noticed a queen ant
 11062 | Gauntlet | an emperor scorpion changed into a queen ant
 11069 | Gauntlet | Noticed a minotaur
 11069 | Gauntlet | a queen ant changed into a minotaur
 11072 | Gauntlet | Noticed a queen ant
 11072 | Gauntlet | a minotaur changed into a queen ant
 11073 | Gauntlet | Noticed a fire dragon
 11073 | Gauntlet | a queen ant changed into a fire dragon
 11077 | Gauntlet | Noticed an ice dragon
 11077 | Gauntlet | a fire dragon changed into an ice dragon
 11081 | Gauntlet | Noticed a queen ant
 11081 | Gauntlet | an ice dragon changed into a queen ant
 11083 | Gauntlet | Noticed a sphinx
 11083 | Gauntlet | a queen ant changed into a sphinx
 11087 | Gauntlet | Noticed a stone giant
 11087 | Gauntlet | a sphinx changed into a stone giant
 11088 | Gauntlet | Noticed a quicksilver dragon
 11088 | Gauntlet | a stone giant changed into a quicksilver dragon
 11092 | Gauntlet | Noticed a sphinx
 11092 | Gauntlet | a quicksilver dragon changed into a sphinx
 11095 | Gauntlet | Noticed a fenstrider witch
 11095 | Gauntlet | a sphinx changed into a fenstrider witch
 11096 | Gauntlet | Noticed a death yak
 11096 | Gauntlet | a fenstrider witch changed into a death yak
 11100 | Gauntlet | Noticed an emperor scorpion
 11100 | Gauntlet | a death yak changed into an emperor scorpion
 11101 | Gauntlet | Noticed a seven-headed hydra
 11101 | Gauntlet | an emperor scorpion changed into a seven-headed hydra
 11102 | Gauntlet | Noticed an emperor scorpion
 11102 | Gauntlet | a seven-headed hydra changed into an emperor scorpion
 11104 | Gauntlet | Noticed a boulder beetle
 11104 | Gauntlet | an ettin changed into a boulder beetle
 11106 | Gauntlet | Noticed a storm dragon
 11106 | Gauntlet | an emperor scorpion changed into a storm dragon
 11108 | Gauntlet | Noticed an azure jelly
 11108 | Gauntlet | a storm dragon changed into an azure jelly
 11109 | Gauntlet | Noticed a sphinx
 11109 | Gauntlet | an azure jelly changed into a sphinx
 11110 | Gauntlet | Noticed a shadow dragon
 11110 | Gauntlet | a sphinx changed into a shadow dragon
 11111 | Gauntlet | Noticed a caustic shrike
 11111 | Gauntlet | a shadow dragon changed into a caustic shrike
 11117 | Gauntlet | Noticed a golden dragon
 11117 | Gauntlet | a caustic shrike changed into a golden dragon
 11118 | Gauntlet | Noticed a quicksilver dragon
 11118 | Gauntlet | a golden dragon changed into a quicksilver dragon
 11120 | Gauntlet | Noticed a wolf spider
 11120 | Gauntlet | a boulder beetle changed into a wolf spider
 11123 | Gauntlet | Noticed an iron troll
 11123 | Gauntlet | a quicksilver dragon changed into an iron troll
 11125 | Gauntlet | a wolf spider changed into a swamp worm
 11130 | Gauntlet | Noticed an azure jelly
 11130 | Gauntlet | an iron troll changed into an azure jelly
 11131 | Gauntlet | Noticed a dire elephant
 11131 | Gauntlet | an azure jelly changed into a dire elephant
 11158 | Gauntlet | Killed a wolf spider
 11164 | Gauntlet | Killed an entropy weaver
 11165 | Gauntlet | Reached skill level 5 in Dodging
 11203 | Gauntlet | Noticed a stone giant
 11212 | Gauntlet | Got a distressingly furry cloak
 11223 | Gauntlet | Identified the +2 cloak of Inviolability {Int+6} (You found
                  | it in a Gauntlet)
 11252 | Gauntlet | Killed a minotaur
 11253 | Gauntlet | Reached skill level 10 in Fighting
 11587 | D:11     | Reached XP level 12. HP: 106/106 MP: 11/11
 11715 | D:11     | Identified the +9 war axe "Dith" {holy, rN+}
 12150 | D:12     | Noticed a boulder beetle
 12181 | D:12     | Killed a boulder beetle
 12182 | D:12     | Reached skill level 15 in Axes
 12245 | D:12     | Found a staircase to the Orcish Mines.
 12303 | D:12     | Found Nyded's Armour Shop.
 12313 | D:12     | Bought a +2 pair of gloves for 264 gold pieces
 12313 | D:12     | Bought a +1 pair of gloves for 184 gold pieces
 12558 | D:12     | Noticed a tengu warrior
 12558 | D:12     | Noticed a tengu warrior
 12567 | D:12     | Killed a tengu warrior
 12567 | D:12     | Killed a tengu warrior
 12804 | D:12     | Noticed a two-headed ogre
 12806 | D:12     | Noticed a two-headed ogre
 12812 | D:12     | Killed a two-headed ogre
 12816 | D:12     | Killed a two-headed ogre
 13002 | D:13     | Noticed a death knight
 13017 | D:13     | Killed a death knight
 13018 | D:13     | Reached skill level 11 in Fighting
 13404 | D:13     | Noticed a catoblepas
 13417 | D:13     | Noticed a tengu warrior
 13418 | D:13     | Noticed a centaur warrior
 13521 | D:13     | Noticed a centaur warrior
 13526 | D:13     | Killed a centaur warrior
 13527 | D:13     | Reached XP level 13. HP: 93/116 MP: 12/12
 13785 | D:13     | Reached skill level 10 in Armour
 13865 | D:13     | Found a gate to the Vaults.
 14132 | D:13     | Reached skill level 12 in Fighting
 14306 | D:13     | Noticed a green very ugly thing
 14307 | D:13     | Noticed a fire dragon
 14324 | D:13     | Killed a purple very ugly thing
 14325 | D:13     | Reached skill level 15 in Shields
 14335 | D:13     | Killed a fire dragon
 14758 | Orc:1    | Entered Level 1 of the Orcish Mines
 14886 | Orc:2    | Entered Level 2 of the Orcish Mines
 14967 | Orc:2    | Found a roughly hewn altar of Beogh.
 15058 | Orc:1    | Reached skill level 13 in Fighting
 15326 | Orc:2    | Found a roughly hewn altar of Beogh.
 15331 | Orc:2    | Found Tiguim's Book Shop.
 15430 | Orc:2    | Noticed an ettin
 15440 | Orc:2    | Killed an ettin
 15543 | Orc:2    | Found a staircase to the Elven Halls.
 15602 | Orc:2    | Found a roughly hewn altar of Beogh.
 15680 | Orc:2    | Paralysed by an orc sorcerer for 4 turns
 15763 | Orc:2    | Noticed a stone giant
 15785 | Orc:2    | Killed a stone giant
 15808 | Orc:2    | Noticed an orc warlord
 15892 | Orc:2    | Killed an orc warlord
 15893 | Orc:2    | Reached skill level 14 in Fighting
 15893 | Orc:2    | Reached XP level 14. HP: 99/132 MP: 13/13
 16236 | Orc:2    | Found a roughly hewn altar of Beogh.
 16368 | Orc:2    | Found Faocish's Book Shop.
 16433 | Orc:2    | Found a roughly hewn altar of Beogh.
 16647 | Orc:2    | Found a roughly hewn altar of Beogh.
 16647 | Orc:2    | Found Eqibequs's Antique Armour Boutique.
 16648 | Orc:2    | Found Qiyngom's Antique Weapon Shop.
 16661 | Orc:2    | Bought a pair of glowing gloves for 247 gold pieces
 16661 | Orc:2    | Bought a pair of glowing gloves for 247 gold pieces
 16905 | Lair:1   | Entered Level 1 of the Lair of Beasts
 17027 | Lair:1   | Identified 2 scrolls of acquirement
 17862 | Lair:2   | Found a radiant altar of Vehumet.
 18429 | Lair:2   | Found a staircase to the Shoals.
 18440 | Lair:2   | Reached skill level 15 in Fighting
 18762 | Lair:3   | Found a hole to the Spider Nest.
 19354 | Lair:4   | Noticed Kirke
 19372 | Lair:4   | Killed Kirke
 20270 | Lair:5   | Noticed Urug
 20277 | Lair:5   | Killed Urug
 20278 | Lair:5   | Reached skill level 16 in Fighting
 20351 | Lair:5   | Found a runed translucent door.
 20353 | Lair:5   | Found a viscous altar of Jiyva.
 20355 | Lair:5   | Found a staircase to the Slime Pits.
 21001 | Lair:6   | Entered Level 6 of the Lair of Beasts
 21303 | Lair:6   | Reached XP level 15. HP: 107/145 MP: 14/14
 21515 | Lair:6   | Reached skill level 17 in Fighting
 22395 | Lair:6   | Reached skill level 18 in Fighting
 22751 | Spider:1 | Entered Level 1 of the Spider Nest
 22942 | Spider:1 | Found a transporter.
 23955 | D:13     | Reached skill level 15 in Armour
 24904 | D:14     | You fall into a shaft and drop 1 floor!
 24904 | D:15     | Entered Level 15 of the Dungeon
 25148 | D:15     | Reached skill level 19 in Fighting
 25175 | D:15     | Reached XP level 16. HP: 150/160 MP: 15/15
 25261 | D:15     | Found Kytic's Jewellery Shop.
 25410 | D:15     | Found a staircase to the Depths.
 25795 | D:15     | Found Qyph's Distillery.
 25805 | D:15     | Bought a potion of invisibility for 120 gold pieces
 25805 | D:15     | Bought a potion of curing for 45 gold pieces
 25899 | D:15     | Found Ewkehya's Antique Armour Boutique.
 25926 | D:15     | Found Keuje's Weapon Shoppe.
 26156 | Elf:1    | Entered Level 1 of the Elven Halls
 26477 | Elf:1    | Reached skill level 20 in Fighting
 26491 | Elf:1    | Identified Sif Muna's Guide on Attacks
 26935 | Elf:1    | Found Revvech's Weapon Shop.
 27000 | Elf:1    | Found Pann's Armour Emporium.
 27003 | Elf:1    | Found Ecvaepang's Assorted Antiques.
 27008 | Elf:1    | Bought a +1 pair of boots of flying for 297 gold pieces
 27027 | Elf:1    | Bought a potion of curing for 105 gold pieces
 27166 | Elf:1    | Found Diarar's Armour Shop.
 27416 | Elf:2    | Found Exyso's Antique Weapon Emporium.
 28185 | Elf:2    | Reached skill level 21 in Fighting
 28228 | Elf:2    | HP: 3/167 [+1 triple sword of distortion (16)]
 28229 | Elf:2    | Slain by a demonic crawler

Illustrated notes

Levels and vault maps discovered:
D:1:      heliophobic_arrival_enchanted_forest, layout_basic, serial_curves,
          eino_curves_01, eino_curves_02, minmay_pentomino_t4
D:2:      layout_rooms, cheibriados_altar_1
D:3:      layout_basic, nicolae_overflow_hidden_temple, minmay_between,
          uniq_robin
D:4:      layout_loops_ring, tgw_trog, general_overflow_altar, serial_glass,
          glass_columns_a, glass_columns_a, glass_columns_b, glass_columns_b,
          serial_shops, shop
D:5:      layout_basic, old_standard_altar, lemuel_coloured_pillars_altar,
          serial_bayou_pond_a, grunt_ministairs_7, minmay_manual_mares,
          uniq_ijyb
D:6:      layout_rooms, minmay_temple_entry_proselytizer,
          okawaru_metal_pillars_1_2
D:7:      layout_cave_pods, uniq_crazy_yiuf_cottage
D:8:      layout_gridville, grunt_qazlal_clouds, uniq_psyche
D:9:      layout_roguey, kennysheep_ying_yang, david_lair_shrubbed
D:10:     layout_rooms, minmay_ruined_shrine
D:11:     layout_roguey, gauntlet_entry_generic
D:12:     layout_irregular_city, david_orc_1_choice, serial_shops,
          nicolae_shop_trees
D:13:     minmay_triangles_in_corner, layout_loops_ring,
          hangedman_vaults_entry_quadrant_bands
D:14:     layout_roguey
D:15:     grunt_enter_depths_snipers, layout_long_grid,
          minmay_misc_feat_ornament, serial_shops, shop, shop, shop_coins,
          shop_fountains, glass_columns_b, kb_rosetta
Temple:   nicolae_temple_figure_eight
Lair:1:   layout_regular_city, infiniplex_staircase_pool, grunt_megastairs_4,
          serial_bayou_shore_a
Lair:2:   layout_concentric_octagons, minmay_shoals_entry_lonely_mermaid,
          basic_altar
Lair:3:   layout_big_grid, nicolae_spider_entry_non_spiders
Lair:4:   layout_gridlike, kilobyte_rumbling_trees, lemuel_fruit_fields,
          uniq_kirke
Lair:5:   layout_roguey, slime_altar_2, uniq_urug
Lair:6:   evilmike_catoblepas_cave, layout_loops_ring, patterned_corridor
Spider:1: gammafunk_its_a_trap
Orc:1:    layout_caves, serial_shops, nicolae_shop_behind_doors
Orc:2:    grunt_orc_community_town_hall, layout_diamond_mine,
          grunt_orc_community_big_house_2, grunt_orc_community_big_house_2,
          grunt_orc_community_house_1, grunt_orc_community_house_3,
          grunt_orc_community_house_1, grunt_orc_community_house_3,
          grunt_orc_community_house_3
Elf:1:    minmay_elf_arrival_circle, layout_loops_corners, serial_glass,
          glass_columns_a, glass_columns_c, serial_shops, shop, shop, shop,
          shop, minmay_elf_annihilation
Elf:2:    layout_loops_corners, serial_shops, shop

Skill      XL: |  1  2  3  4  5  6  7  8  9 10 11 12 13 14 15 16 |
---------------+-------------------------------------------------+-----
Fighting       | 4 5 6 7 9 10 11 14 16 19 21 | 21.0
Armour         | 4 5 6 7 8 9 11 13 15 16 | 16.4
Shields        | 4 5 6 7 9 11 13 15 | 15.0
Axes           | 3 4 5 6 7 9 11 13 14 15 16 | 16.0
Dodging        | 1 2 3 4 5 6 7 |  7.0

Action                   |  1- 3 |  4- 6 |  7- 9 | 10-12 | 13-15 | 16-18 || total
-------------------------+-------+-------+-------+-------+-------+-------++-------
Melee: War axe           |    90 |   129 |   241 |   655 |  1121 |   296 ||  2532
       Headbutt          |     9 |    30 |    42 |   158 |   281 |    70 ||   590
Invok: Potion Petition   |       |       |       |       |       |     2 ||     2
Evoke: Wand              |       |       |     4 |     4 |     1 |       ||     9
       Lightning rod     |       |       |       |       |       |     4 ||     4
  Use: Potion            |       |     1 |     1 |     8 |       |     4 ||    14
       Scroll            |       |       |     6 |    13 |    17 |     2 ||    38
 Stab: Paralysed         |       |       |     6 |       |       |       ||     6
       Distracted        |       |       |       |     4 |     5 |     1 ||    10
       Invisible         |       |       |       |     4 |       |       ||     4
       Petrifying        |       |       |       |       |     1 |       ||     1
Armor: Scale mail        |    50 |    51 |   103 |    83 |       |       ||   287
       Ring mail         |       |       |       |    31 |       |       ||    31
       Plate armour      |       |       |       |    93 |   250 |   123 ||   466
Dodge: Dodged            |    33 |    42 |    80 |   127 |   180 |    65 ||   527
Block: Kite shield       |    57 |    59 |   110 |   399 |   682 |   224 ||  1531
       Reflection        |       |       |       |    12 |    38 |    40 ||    90
